 Dungeon Crawl Stone Soup version 0.22-a0-181-gb22368a (webtiles) character file.

34 Amnesiac the Magician (level 3, 0/24 HPs)
             Began as a Mummy Earth Elementalist on Feb 14, 2018.
             Slain by Terence
             ... wielding a +3 mace
              (10 damage)
             ... on level 2 of the Dungeon.
             The game lasted 00:03:29 (1174 turns).

Amnesiac the Magician (Mummy Earth Elementalist)    Turns: 1174, Time: 00:03:30

Health: 0/24       AC:  2    Str: 11    XL:     3   Next: 14%
Magic:  4/7        EV: 12    Int: 15    God:
Gold:   46         SH:  0    Dex: 12    Spells: 5/8 levels left

rFire    x . .     SeeInvis .   g - +0 dagger
rCold    + . .     Gourm    .   (no shield)
rNeg     + + +     Faith    .   c - +0 robe
rPois    ∞         Spirit   .   (no helmet)
rElec    .         Reflect  .   (no cloak)
rCorr    .         Harm     .   (no gloves)
MR       .....                  (no boots)
Stlth    ++........             (no amulet)
HPRegen  0.08/turn              (no ring)
MPRegen  0.10/turn              (no ring)

@: no status effects
A: no food or potions, fire vulnerability, cold resistance 1, negative energy
resistance 3, torment resistance, unbreathing
a: no special abilities


You were on level 2 of the Dungeon.
You were not hungry.

You visited 1 branch of the dungeon, and saw 2 of its levels.

You collected 46 gold pieces.

Inventory:

Hand Weapons
 g - a +0 dagger (weapon)
Missiles
 b - 58 stones (quivered)
 f - 42 sling bullets
 i - 16 poisoned needles
Armour
 c - a +0 robe (worn)
Scrolls
 a - 3 scrolls of remove curse {!r}
 e - a scroll of identify {!r}
 h - 2 scrolls of amnesia {!r}
Books
 d - a book of Geomancy

   Spells                             Type                      Level
   a - Sandblast                      Earth                        1
   b - Passwall                       Transmutation/Earth          2
   c - Stone Arrow                    Conjuration/Earth            3
   d - Petrify                        Transmutation/Earth          4
   e - Lee's Rapid Deconstruction     Earth                        5


   Skills:
 + Level 0.0 Short Blades
 - Level 1.5 Dodging
 - Level 2.0 Stealth
 + Level 3.1 Spellcasting
 + Level 0.9 Transmutations
 * Level 3.1 Earth Magic


You had 5 spell levels left.
You knew the following spells:

 Your Spells              Type           Power        Failure   Level  Hunger
a - Sandblast             Erth           ##....       5%          1    N/A
b - Passwall              Tmut/Erth      #.........   13%         2    N/A

Dungeon Overview and Level Annotations

Branches:
Dungeon (2/15)

Altars:

Annotations:
D:2 Terence


Innate Abilities, Weirdness & Mutations

You do not eat or drink.
Your flesh is vulnerable to fire.
You are immune to poison.
Your flesh is cold resistant. (rC+)
You are immune to negative energy. (rN+++)
You are immune to unholy pain and torment.
You can survive without breathing.


Message History

Moving in this stuff is going to be slow.
You enter the shallow water.
Moving in this stuff is going to be slow.
You enter the shallow water.
Moving in this stuff is going to be slow.
Terence asks, "Do you want it fast or slow?"
Terence says, "Time to say good-bye..."
There is an open door here.
Terence shouts, "Now you die!"
You enter the shallow water.
Moving in this stuff is going to be slow.
Terence hits you with an enchanted mace.
Terence says, "Don't bother to defend, it's senseless."
There is an open door here.
Terence screams, "I'm going to kill you!"
There is a stone staircase leading down here.
You open the door.
There is an open door here.
Terence says, "Time to say good-bye..."
Terence says, "You're history."
There is a stone staircase leading up here.
You can't go up here!
Okay, then.
Unknown command.
Really read
a - 4 scrolls labeled LUVO BUECIUGG {!r}?
As you read the scroll labeled LUVO BUECIUGG {!r}, it crumbles to dust.
You feel blessed for a moment.
It was a scroll of remove curse {!r}.
Terence closely misses you.
Really read
h - 3 scrolls labeled FYANOT DONGA {!r}?
As you read the scroll labeled FYANOT DONGA {!r}, it crumbles to dust.
It is a scroll of amnesia.
Okay, then.
Unknown command.
Really read
e - 2 scrolls labeled RUVEZE OVEOMAS {!r}?
As you read the scroll labeled RUVEZE OVEOMAS {!r}, it crumbles to dust.
It is a scroll of identify.
You don't have any unidentified items.
Terence hits you with an enchanted mace.
Casting: Sandblast (safe; 5% risk of failure)
Confirm with . or Enter, or press ? or * to list all spells.
Aiming: Sandblast (safe; 5% risk of failure)
Press: ? - help, Shift-Dir - straight line, f - Terence
Aim: Terence, wielding an enchanted mace and wearing a chain mail The blast of sand hits Terence.
b - 60 stones Terence hits you with an enchanted mace.
Casting: Sandblast (safe; 5% risk of failure)
Confirm with . or Enter, or press ? or * to list all spells.
Aiming: Sandblast (safe; 5% risk of failure)
Press: ? - help, Shift-Dir - straight line, f/p - Terence
Aim: Terence, wielding an enchanted mace and wearing a chain mail The blast of sand hits Terence.
b - 59 stones Terence hits you with an enchanted mace.
* * * LOW HITPOINT WARNING * * *
Casting: Sandblast (safe; 5% risk of failure)
Confirm with . or Enter, or press ? or * to list all spells.
Aiming: Sandblast (safe; 5% risk of failure)
Press: ? - help, Shift-Dir - straight line, f/p - Terence
Aim: Terence, wielding an enchanted mace and wearing a chain mail The blast of sand hits Terence.
b - 58 stones Terence hits you with an enchanted mace!
You die...

##################
#@@.............##
###############.##
#.## #..' #####
#.## ######...##
##.## #.<..'....#
#.... ######....#
##.## #....# #.#


You could see Terence.

Vanquished Creatures
  An adder (D:2)
  An ooze (D:2)
  2 giant cockroaches
  3 goblins
  A hobgoblin (D:1)
  2 bats (D:1)
  15 rats
25 creatures vanquished.

Notes
Turn   | Place    | Note
-------+----------+-------------------------------------------
     0 | D:1      | Amnesiac the Mummy Earth Elementalist began the quest for the Orb.
     0 | D:1      | Reached XP level 1. HP: 13/13 MP: 4/4
   615 | D:1      | Reached XP level 2. HP: 18/19 MP: 5/5
   619 | D:1      | Learned a level 2 spell: Passwall
   947 | D:2      | Reached XP level 3. HP: 24/24 MP: 3/7
  1035 | D:2      | Noticed Terence
  1174 | D:2      | Slain by Terence

Vault maps used:
D:1:      erik_arrival_orb_chamber, minmay_cut_off
D:2:      first_ration, chequers_big_river, kennysheep_generic_room_16,
          uniq_natasha, uniq_terence

Skill      XL: |  1  2  3 |
---------------+----------+-----
Spellcasting   | 3 |  3.1
Earth Magic    | 3 |  3.1
Stealth        | 2 |  2.0
Dodging        | |  1.5
Transmutations | |  0.9

Action                   || total
-------------------------++-------
Melee: Unarmed           ||    75
       Dagger            ||    13
 Cast: Sandblast         ||    17
  Use: Scroll            ||     3
Armor: Robe              ||    16
Dodge: Dodged            ||    48

Table legend:
 A = Spawn XP
 B = Non-spawn XP
 C = Spawn XP percentage of total XP
 D = Spawn monster count
 E = Non-spawn monster count
 F = Spawn count percentage of total count
 G = Total turns spent on level
                    A         B        C        D         E        F      G
               +---------+---------+-------+---------+---------+-------+---------
         Total |       0 |      49 |   0.0 |       0 |      25 |   0.0 |  1174
               +---------+---------+-------+---------+---------+-------+---------
           D:1 |       0 |      25 |   0.0 |       0 |      20 |   0.0 |   757
           D:2 |       0 |      24 |   0.0 |       0 |       5 |   0.0 |   417
               +---------+---------+-------+---------+---------+-------+---------
